SR
VALLEY VIEW COUGARS @ MONTGOMERY BISCUITS
08/07/2042
 
TOP OF THE 1ST
Valley View Cougars batting - Pitching for Montgomery Biscuits : LHP Qu-bing Li
Pitching: LHP Qu-bing Li
Batting: RHB Pepe Melandri 0-0: Ball
1-0: Swinging Strike
1-1: Ball
2-1: Ground out 4-3 (Groundball, 4M, EV 80.0 MPH)
Batting: RHB Gabe Joicey 0-0: Foul Ball, location: 2F
0-1: Ground out 5-3 (Groundball, 56S, EV 83.8 MPH)
Batting: RHB Jay Harris 0-0: Foul Ball, location: 2F
0-1: Foul Ball, location: 2F
0-2: Ground out 6-3 (Groundball, 56, EV 108.8 MPH)
Top of the 1st over - 0 runs, 0 hits, 0 errors, 0 left on base; Valley View 0 - Montgomery 0
BOTTOM OF THE 1ST
Montgomery Biscuits batting - Pitching for Valley View Cougars : RHP William Averett
Pitching: RHP William Averett
Batting: RHB Chiel Spronck 0-0: Called Strike
0-1: Ball
1-1: Swinging Strike
1-2: Foul Ball, location: 2F
1-2: Strikes out swinging
Batting: RHB Bob Clark 0-0: Swinging Strike
0-1: Foul Ball, location: 2F
0-2: Ball
1-2: Ball
2-2: Ball
3-2: SINGLE (Groundball, 5D, EV 108.1 MPH)
Batting: RHB Chad Holland 0-0: Foul Ball, location: 2F
0-1: Ball
1-1: Foul Ball, location: 2F
1-2: Strikes out swinging
Batting: LHB Juan Martínez 0-0: Ball
1-0: Ball
2-0: Foul Ball, location: 2F
2-1: Fly out, F7 (Flyball, 7S, EV 78.8 MPH)
Bottom of the 1st over - 0 runs, 1 hit, 0 errors, 1 left on base; Valley View 0 - Montgomery 0
TOP OF THE 2ND
Valley View Cougars batting - Pitching for Montgomery Biscuits : LHP Qu-bing Li
Batting: SHB Markus Anderson 0-0: Foul Ball, location: 2F
0-1: Fly out, F3 (Popup, 3, EV 75.6 MPH)
Batting: RHB Mark Quick 0-0: Swinging Strike
0-1: Swinging Strike
0-2: Ball
1-2: Foul Ball, location: 2F
1-2: Fly out, F7 (Flyball, 7D, EV 91.2 MPH)
Batting: RHB Shaun Kingsley 0-0: SINGLE (Groundball, 3D, EV 96.9 MPH)
Batting: RHB James Gill 0-0: Ball
1-0: SINGLE (Line Drive, 89S, EV 104.4 MPH)
Shaun Kingsley to second
Batting: RHB Okalani Karri 0-0: Ball
1-0: Ball
2-0: Fly out, F8 (Flyball, 8LS, EV 90.6 MPH)
Top of the 2nd over - 0 runs, 2 hits, 0 errors, 2 left on base; Valley View 0 - Montgomery 0
BOTTOM OF THE 2ND
Montgomery Biscuits batting - Pitching for Valley View Cougars : RHP William Averett
Batting: RHB José Labandeira 0-0: Swinging Strike
0-1: Called Strike
0-2: Ball
1-2: Ball
2-2: Strikes out looking
Batting: RHB Christian Karembeu 0-0: Ball
1-0: DOUBLE (Line Drive, 9LS, EV 100.0 MPH)
Batting: LHB Jacob Hall 0-0: Ball
1-0: Ball
2-0: Ball
3-0: Called Strike
3-1: Foul Ball, location: 2F
3-2: Foul Ball, location: 2F
3-2: Strikes out swinging
Batting: RHB Michael Hawk 0-0: Called Strike
0-1: Foul Ball, location: 2F
0-2: Strikes out swinging
Bottom of the 2nd over - 0 runs, 1 hit, 0 errors, 1 left on base; Valley View 0 - Montgomery 0
TOP OF THE 3RD
Valley View Cougars batting - Pitching for Montgomery Biscuits : LHP Qu-bing Li
Batting: RHB Frank Corbett 0-0: Ball
1-0: Called Strike
1-1: Fly out, F3 (Popup, 3F, EV 74.4 MPH)
Batting: RHB Pepe Melandri 0-0: Foul Ball, location: 2F
0-1: Foul Ball, location: 2F
0-2: Ball
1-2: Ball
2-2: Ball
3-2: Ground out 4-3 (Groundball, 4, EV 89.4 MPH)
Batting: RHB Gabe Joicey 0-0: Ball
1-0: Called Strike
1-1: Ball
2-1: Foul Ball, location: 2F
2-2: Foul Ball, location: 2F
2-2: Reached on error, E5 (Groundball, 56S, EV 94.4 MPH)
Batting: RHB Jay Harris 0-0: Fielders Choice at 2nd, 6-4 (Groundball, 6, EV 94.4 MPH)
Top of the 3rd over - 0 runs, 0 hits, 1 error, 1 left on base; Valley View 0 - Montgomery 0
BOTTOM OF THE 3RD
Montgomery Biscuits batting - Pitching for Valley View Cougars : RHP William Averett
Batting: RHB Albert Monday SINGLE, but batter called out on appeal for missing first base!
Batting: RHB Chiel Spronck 0-0: SINGLE (Groundball, 34D, EV 100.0 MPH)
Batting: RHB Bob Clark 0-0: Ball
Chiel Spronck is caught stealing 2nd base 2-4
1-0: Foul Ball, location: 2F
1-1: Ball
2-1: Ball
3-1: Swinging Strike
3-2: Fly out, F9 (Flyball, 9LS, EV 76.9 MPH)
Bottom of the 3rd over - 0 runs, 1 hit, 0 errors, 0 left on base; Valley View 0 - Montgomery 0
TOP OF THE 4TH
Valley View Cougars batting - Pitching for Montgomery Biscuits : LHP Qu-bing Li
Batting: SHB Markus Anderson 0-0: Called Strike
0-1: Ball
1-1: Called Strike
1-2: Ground out 5-3 (Groundball, 56S, EV 85.6 MPH)
Batting: RHB Mark Quick 0-0: Ground out 5-3 (Groundball, 56S, EV 64.4 MPH)
Batting: RHB Shaun Kingsley 0-0: Ball
1-0: Fly out, F4 (Popup, 4, EV 72.5 MPH)
Top of the 4th over - 0 runs, 0 hits, 0 errors, 0 left on base; Valley View 0 - Montgomery 0
BOTTOM OF THE 4TH
Montgomery Biscuits batting - Pitching for Valley View Cougars : RHP William Averett
Batting: RHB Chad Holland 0-0: Foul Ball, location: 2F
0-1: SINGLE (Line Drive, 7LS, EV 95.6 MPH)
Batting: LHB Juan Martínez 0-0: Ball
1-0: Foul Ball, location: 2F
1-1: Called Strike
1-2: Foul Ball, location: 2F
1-2: Ball
2-2: Ball
3-2: Fly out, F2 (Popup, 3SF, EV 75.0 MPH)
Batting: RHB José Labandeira 0-0: Ball
1-0: Foul Ball, location: 2F
1-1: Ball
2-1: Foul Ball, location: 2F
2-2: Strikes out looking
Batting: RHB Christian Karembeu 0-0: Ball
1-0: Called Strike
1-1: Ball
2-1: Fielders Choice at 2nd, 6-4 (Groundball, 6, EV 103.1 MPH)
Bottom of the 4th over - 0 runs, 1 hit, 0 errors, 1 left on base; Valley View 0 - Montgomery 0
TOP OF THE 5TH
Valley View Cougars batting - Pitching for Montgomery Biscuits : LHP Qu-bing Li
Batting: RHB James Gill 0-0: Foul Ball, location: 2F
0-1: Ball
1-1: Foul Ball, location: 2F
1-2: Foul Ball, location: 2F
1-2: Foul Ball, location: 2F
1-2: Ball
2-2: Foul Ball, location: 2F
2-2: Fly out, F8 (Flyball, 8RM, EV 80.0 MPH)
Batting: RHB Okalani Karri 0-0: Ground out 6-3 (Groundball, 6D, EV 107.5 MPH)
Batting: RHB Frank Corbett 0-0: Called Strike
0-1: Ball
1-1: Foul Ball, location: 2F
1-2: Ball
2-2: Ball
3-2: Foul Ball, location: 2F
3-2: Fly out, F9 (Flyball, 9D, EV 91.9 MPH)
Top of the 5th over - 0 runs, 0 hits, 0 errors, 0 left on base; Valley View 0 - Montgomery 0
BOTTOM OF THE 5TH
Montgomery Biscuits batting - Pitching for Valley View Cougars : RHP William Averett
Batting: LHB Jacob Hall 0-0: Called Strike
0-1: Fly out, F5 (Popup, 5SF, EV 67.5 MPH)
Batting: RHB Michael Hawk 0-0: Ball
1-0: Foul Ball, location: 2F
1-1: Ground out 5-3 (Groundball, 56, EV 86.2 MPH)
Batting: RHB Albert Monday 0-0: Called Strike
0-1: DOUBLE (Line Drive, 89XD, EV 107.5 MPH)
Batting: RHB Chiel Spronck 0-0: Called Strike
0-1: Foul Ball, location: 2F
0-2: Ball
1-2: Foul Ball, location: 2F
1-2: Foul Ball, location: 2F
1-2: Foul Ball, location: 2F
1-2: Ground out U3 (Groundball, 34, EV 82.5 MPH)
Bottom of the 5th over - 0 runs, 1 hit, 0 errors, 1 left on base; Valley View 0 - Montgomery 0
TOP OF THE 6TH
Valley View Cougars batting - Pitching for Montgomery Biscuits : LHP Qu-bing Li
Batting: RHB Pepe Melandri 0-0: Ball
1-0: Ball
2-0: Fly out, F8 (Line Drive, 8RM, EV 96.9 MPH)
Batting: RHB Gabe Joicey 0-0: Ball
1-0: Fly out, F6 (Popup, 56, EV 62.5 MPH)
Batting: RHB Jay Harris 0-0: Called Strike
0-1: SINGLE (Line Drive, 78M, EV 107.5 MPH)
Batting: SHB Markus Anderson 0-0: Ball
Jay Harris is caught stealing 2nd base 2-4
Top of the 6th over - 0 runs, 1 hit, 0 errors, 0 left on base; Valley View 0 - Montgomery 0
BOTTOM OF THE 6TH
Montgomery Biscuits batting - Pitching for Valley View Cougars : RHP William Averett
Batting: RHB Bob Clark 0-0: Called Strike
0-1: Ball
1-1: Foul Ball, location: 2F
1-2: Ball
2-2: Ball
3-2: Ground out 1-3 (Groundball, 34S, EV 66.9 MPH)
Batting: RHB Chad Holland 0-0: Swinging Strike
0-1: Ball
1-1: Foul Ball, location: 2F
1-2: Ground out 5-3 (Groundball, 5, EV 80.6 MPH)
Batting: LHB Juan Martínez 0-0: Ball
1-0: Foul Ball, location: 2F
1-1: Swinging Strike
1-2: Ball
2-2: Strikes out swinging
Bottom of the 6th over - 0 runs, 0 hits, 0 errors, 0 left on base; Valley View 0 - Montgomery 0
TOP OF THE 7TH
Valley View Cougars batting - Pitching for Montgomery Biscuits : LHP Qu-bing Li
Batting: SHB Markus Anderson 0-0: Called Strike
0-1: Called Strike
0-2: Ball
1-2: Strikes out swinging
Batting: RHB Mark Quick 0-0: Ball
1-0: Reached on error, E1 (Groundball, P, EV 81.2 MPH)
Batting: RHB Shaun Kingsley 0-0: Ball
1-0: Ball
2-0: Ball
3-0: Called Strike
3-1: Ground out 5-3 (Groundball, 56S, EV 70.0 MPH)
Mark Quick to second
Batting: RHB James Gill 0-0: Called Strike
0-1: Swinging Strike
0-2: Ball
1-2: Strikes out swinging
Top of the 7th over - 0 runs, 0 hits, 1 error, 1 left on base; Valley View 0 - Montgomery 0
BOTTOM OF THE 7TH
Montgomery Biscuits batting - Pitching for Valley View Cougars : RHP William Averett
Batting: RHB José Labandeira 0-0: Ground out 6-3 (Groundball, 6, EV 100.6 MPH)
Batting: RHB Christian Karembeu 0-0: Swinging Strike
0-1: Swinging Strike
0-2: Ball
1-2: Foul Ball, location: 2F
1-2: SINGLE (Line Drive, 34D, EV 106.2 MPH)
Pitching: RHP Juan Ramírez
Batting: LHB Jacob Hall 0-0: Ball
1-0: Foul Ball, location: 2F
1-1: Ball
2-1: Foul Ball, location: 2F
2-2: Strikes out swinging
Batting: RHB Michael Hawk 0-0: Foul Ball, location: 2F
0-1: Foul Ball, location: 2F
0-2: Foul Ball, location: 2F
0-2: Strikes out swinging
Bottom of the 7th over - 0 runs, 1 hit, 0 errors, 1 left on base; Valley View 0 - Montgomery 0
TOP OF THE 8TH
Valley View Cougars batting - Pitching for Montgomery Biscuits : LHP Qu-bing Li
Batting: RHB Okalani Karri 0-0: Ball
1-0: Ball
2-0: Foul Ball, location: 2F
2-1: Ball
3-1: Foul Ball, location: 2F
3-2: Foul Ball, location: 2F
3-2: DOUBLE (Line Drive, 78D, EV 104.4 MPH)
Batting: RHB Frank Corbett 0-0: Fly out, F9 (Flyball, 9, EV 88.8 MPH)
Batting: RHB Pepe Melandri 0-0: Intentional Walk
Pitching: LHP Brenden Cleverdon
Batting: RHB Gabe Joicey 0-0: Ball
1-0: Called Strike
1-1: Ball
2-1: Foul Ball, location: 2F
2-2: Foul Ball, location: 2F
2-2: Ball
3-2: Foul Ball, location: 2F
3-2: Base on Balls
Okalani Karri to third
Pepe Melandri to second
Batting: RHB Jay Harris 0-0: SINGLE (Groundball, P, EV 63.8 MPH) (infield hit)
Okalani Karri scores
Pepe Melandri to third
Gabe Joicey to second
Batting: SHB Markus Anderson 0-0: Ball
1-0: Ball
2-0: Grounds into fielders choice 5-2 (Groundball, 56S, EV 74.4 MPH)
Gabe Joicey to third
Jay Harris to second
Batting: RHB Mark Quick 0-0: Ball
1-0: Ball
2-0: Foul Ball, location: 2F
2-1: Foul Ball, location: 2F
2-2: Ball
3-2: Fly out, F8 (Flyball, 8RM, EV 78.8 MPH)
Top of the 8th over - 1 run, 2 hits, 0 errors, 3 left on base; Valley View 1 - Montgomery 0
BOTTOM OF THE 8TH
Montgomery Biscuits batting - Pitching for Valley View Cougars : RHP Juan Ramírez
Batting: RHB Albert Monday 0-0: Called Strike
0-1: Fly out, F9 (Flyball, 9S, EV 85.6 MPH)
Batting: RHB Chiel Spronck 0-0: Called Strike
0-1: Called Strike
0-2: Strikes out swinging
Batting: RHB Bob Clark 0-0: Ball
1-0: Called Strike
1-1: Ball
2-1: Swinging Strike
2-2: Ball
3-2: Base on Balls
Pinch Hitting: RHB Soh Sasaki 0-0: Ground out 1-3 (Groundball, 34S, EV 85.6 MPH)
Bottom of the 8th over - 0 runs, 0 hits, 0 errors, 1 left on base; Valley View 1 - Montgomery 0
TOP OF THE 9TH
Valley View Cougars batting - Pitching for Montgomery Biscuits : LHP Brenden Cleverdon
Pitching: LHP Nicolas Cernin
Now in LF: Soh Sasaki
Batting: RHB Shaun Kingsley 0-0: Ball
1-0: Ball
2-0: Foul Ball, location: 2F
2-1: Ball
3-1: Swinging Strike
3-2: Base on Balls
Batting: RHB James Gill 0-0: Ball
1-0: Ball
2-0: Ball
3-0: Called Strike
3-1: Foul Ball, location: 2F
3-2: Base on Balls
Shaun Kingsley to second
Batting: RHB Okalani Karri 0-0: Swinging Strike
0-1: Ball
1-1: Swinging Strike
1-2: Strikes out swinging
Batting: RHB Frank Corbett 0-0: Called Strike
0-1: Ball
1-1: Ball
2-1: Swinging Strike
2-2: Strikes out swinging
Batting: RHB Pepe Melandri 0-0: Swinging Strike
0-1: Ball
1-1: Fly out, F9 (Flyball, 9LSF, EV 92.5 MPH)
Top of the 9th over - 0 runs, 0 hits, 0 errors, 2 left on base; Valley View 1 - Montgomery 0
BOTTOM OF THE 9TH
Montgomery Biscuits batting - Pitching for Valley View Cougars : RHP Juan Ramírez
Pitching: RHP Juan González
Now at 2B: Joe Johnson
Batting: LHB Juan Martínez 0-0: Called Strike
0-1: Ball
1-1: Ball
2-1: Ball
3-1: Base on Balls
Batting: RHB José Labandeira 0-0: Ball
1-0: Called Strike
1-1: Swinging Strike
1-2: Strikes out swinging
Batting: RHB Christian Karembeu 0-0: Ball
1-0: Ball
2-0: Called Strike
2-1: Foul Ball, location: 2F
2-2: Foul Ball, location: 2F
2-2: SINGLE (Line Drive, 7S, EV 100.6 MPH)
Juan Martínez to second
Pinch Runner at 2nd Scotty Greene:
Batting: LHB Jacob Hall 0-0: Ball
1-0: Ball
2-0: Called Strike
2-1: Ball
3-1: Fly out, F8 (Flyball, 8RD, EV 85.6 MPH)
Batting: RHB Michael Hawk 0-0: Fielders Choice at 2nd, 6-4 (Groundball, 6, EV 105.0 MPH)
Bottom of the 9th over - 0 runs, 1 hit, 0 errors, 2 left on base; Valley View 1 - Montgomery 0
Friday, March 26th, 2021 - OOTP Baseball 20.8 Build 74